 Dungeon Crawl Stone Soup version 0.27.1-34-g3ba077fa99 (webtiles) character file.

Game seed: 11809575507237957750

343192 backslashecho the Hoplite (level 21, -16/161 (195) HPs)
             Began as a Minotaur Fighter on Jan 2, 2022.
             Was the Champion of Lugonu.
             Killed from afar by a deep elf annihilator (46 damage)
             ... with a crystal spear
             ... on level 3 of the Elven Halls on Jan 3, 2022.
             The game lasted 02:06:19 (52711 turns).

backslashecho the Hoplite (Minotaur Fighter)       Turns: 52711, Time: 02:06:19

HP:   -16/161 (195) AC: 27    Str: 35    XL:     21   Next: 12%
MP:   31/31         EV: 15    Int:  9    God:    Lugonu [******]
Gold: 2834          SH: 32    Dex: 10    Spells: 20/20 levels left

rFire    + . .     SeeInvis .   a - +8 broad axe (freeze)
rCold    + + .     Faith    .   s - +0 tower shield {rF+}
rNeg     . . .     Spirit   .   B - +6 plate armour "Coofu" {Will++ Str+5 Dex-4}
rPois    +         Reflect  +   O - +2 hat "Wuukojut" {rElec}
rElec    +         Harm     .   H - -3 cloak of the Battered Bounties {rC++ Will++ Int+4}
rCorr    .         Rampage  .   o - +0 pair of gloves {Str+3}
Will     +++++                  k - +1 pair of boots
Stlth    ..........             m - amulet of reflection
HPRegen  0.36/turn              c - +4 ring of evasion
MPRegen  0.22/turn              K - ring of poison resistance

@: lethally poisoned (-16 -> -19), heavily drained
A: horns 2, retaliatory headbutt
}: 2/15 runes: decaying, gossamer
a: Renounce Religion, Depart the Abyss, Bend Space, Banish, Corrupt, Enter the
Abyss, Brand Weapon With Distortion


You were on level 3 of the Elven Halls.
You worshipped Lugonu.
Lugonu was exalted by your worship.
You visited 8 branches of the dungeon, and saw 39 of its levels.
You visited the Abyss 1 time.
You also visited: Bailey, Ice Cave and Volcano.

You collected 6376 gold pieces.
You spent 3542 gold pieces at shops.

Inventory:

Hand Weapons
 a - a +8 broad axe of freezing (weapon)
 b - a +0 vampiric demon trident
Missiles
 l - 9 throwing nets
 r - 8 javelins
 Y - 5 curare-tipped darts (quivered)
Armour
 k - a +1 pair of boots (worn)
 o - a +0 pair of gloves of strength (worn)
 s - a +0 tower shield of fire resistance (worn)
 B - the +6 plate armour "Coofu" (worn) {Will++ Str+5 Dex-4}
   (You found it on level 5 of the Lair of Beasts)

   Str:       It affects your strength (+5).
   Dex:       It affects your dexterity (-4).
   Will:      It greatly increases your willpower.
 H - the -3 cloak of the Battered Bounties (worn) {rC++ Will++ Int+4}
   (You acquired it on level 6 of the Lair of Beasts)

   Int:       It affects your intelligence (+4).
   rC:        It greatly protects you from cold.
   Will:      It greatly increases your willpower.
 O - the +2 hat "Wuukojut" (worn) {rElec}
   (You found it on level 1 of the Elven Halls)

   rElec:     It insulates you from electricity.
Jewellery
 c - a +4 ring of evasion (left hand)
 e - an amulet of regeneration
 f - the ring "Oguin" {rF+ Str+6}
   (You took it off a deep elf demonologist on level 3 of the Elven Halls)

   [ring of strength]

   Str:       It affects your strength (+6).
   rF:        It protects you from fire.
 h - a ring of resist corrosion
 m - an amulet of reflection (around neck)
 K - a ring of poison resistance (right hand)
 S - a ring of protection from cold
Wands
 u - a wand of acid (21)
 y - a wand of digging (19)
 z - a wand of flame (82)
 D - a wand of mindburst (20)
 E - a wand of iceblast (29)
 M - a wand of polymorph (21)
 P - a wand of paralysis (4)
 X - a wand of charming (20)
Scrolls
 g - 16 scrolls of teleportation
 q - 6 scrolls of fear
 v - 3 scrolls of blinking
 A - a scroll of amnesia
 F - 8 scrolls of enchant armour
 L - 13 scrolls of identify
 N - 3 scrolls of holy word
 Q - 4 scrolls of fog
 R - 3 scrolls of vulnerability
 T - 5 scrolls of magic mapping
Potions
 d - a potion of might
 i - 3 potions of magic
 j - 2 potions of resistance
 p - 2 potions of flight
 w - 18 potions of curing
 x - 4 potions of mutation
 C - 4 potions of haste
 G - 11 potions of heal wounds
 J - 9 potions of ambrosia
 U - 3 potions of invisibility
 W - 2 potions of berserk rage
Miscellaneous
 I - a tin of tremorstones (2/2)


   Skills:
 - Level 18.3 Fighting
 - Level 18.0 Axes
 + Level 6.6 Throwing
 + Level 14.0 Armour
 - Level 9.0 Dodging
 - Level 25.0 Shields
 - Level 15.0 Invocations
 + Level 10.8 Evocations


You had 20 spell levels left.
You didn't know any spells.
Your spell library contained the following spells:

 Spells                   Type           Power      Damage    Failure   Level
 Animate Skeleton         Necr           0%         N/A       88%         1
 Apportation              Tloc           0%         N/A       88%         1
 Corona                   Hex            0%         N/A       88%         1
 Freeze                   Ice            0%         1d3       88%         1
 Magic Dart               Conj           0%         1d3       88%         1
 Shock                    Conj/Air       0%         1d3       88%         1
 Summon Small Mammal      Summ           0%         N/A       88%         1
 Call Imp                 Summ           0%         N/A       95%         2
 Ensorcelled Hibernation  Hex/Ice        0%         N/A       95%         2
 Searing Ray              Conj           0%         3d3       95%         2
 Static Discharge         Conj/Air       0%         N/A       95%         2
 Sublimation of Blood     Necr           0%         N/A       95%         2
 Wereblood                Tmut           0%         N/A       95%         2
 Frozen Ramparts          Ice            0%         1d2       99%         3
 Gell's Gravitas          Tloc           0%         N/A       99%         3
 Mephitic Cloud           Conj/Pois/Air  0%         N/A       99%         3
 Ozocubu's Armour         Ice            0%         N/A       99%         3
 Portal Projectile        Hex/Tloc       0%         N/A       99%         3
 Swiftness                Air            0%         N/A       99%         3
 Teleport Other           Tloc           0%         N/A       99%         3
 Tukima's Dance           Hex            0%         N/A       99%         3
 Airstrike                Air            0%         N/A       100%        4
 Fulminant Prism          Conj/Hex       0%         3d6       100%        4
 Hailstorm                Conj/Ice       0%         3d3       100%        4
 Ice Form                 Ice/Tmut       0%         N/A       100%        4
 Iskenderun's Mystic Bla  Conj/Tloc      0%         2d3       100%        4
 Summon Ice Beast         Ice/Summ       0%         N/A       100%        4
 Blade Hands              Tmut           0%         N/A       100%        5
 Excruciating Wounds      Necr           0%         N/A       100%        5
 Iskenderun's Battlesphe  Conj           0%         2d6       100%        5
 Lee's Rapid Deconstruct  Erth           0%         3d5*      100%        5
 Lightning Bolt           Conj/Air       0%         1d11      100%        5
 Metabolic Englaciation   Hex/Ice        0%         N/A       100%        5
 Summon Mana Viper        Hex/Summ       0%         N/A       100%        5
 Dispersal                Tloc           0%         N/A       100%        6
 Iron Shot                Conj/Erth      0%         9d1       100%        6
 Simulacrum               Ice/Necr       0%         N/A       100%        6
 Malign Gateway           Summ/Tloc      0%         N/A       100%        7
 Monstrous Menagerie      Summ           0%         N/A       100%        7
 Spellforged Servitor     Conj/Summ      0%         N/A       100%        7
 Summon Hydra             Summ           0%         N/A       100%        7
 Maxwell's Capacitive Co  Air            0%         ∞         100%        8
 Summon Horrible Things   Summ           0%         N/A       100%        8
 Chain Lightning          Conj/Air       0%         N/A       100%        9


Dungeon Overview and Level Annotations

Branches:
Dungeon (15/15)            Temple (1/1) D:4            Lair (6/6) D:9
  Swamp (4/4) Lair:3       Spider (4/4) Lair:2        Slime (0/5) Lair:6
    Orc (2/2) D:9             Elf (3/3) Orc:2        Vaults (4/5) D:14
  Crypt (0/3) Vaults:2     Depths (0/5) D:15         Bailey (visited)
  IceCv (visited)         Volcano (visited)

Altars:
Ashenzari
Cheibriados
Dithmenos
Elyvilon
Fedhas
Gozag
Hepliaklqana
Kikubaaqudgha
Makhleb
Nemelex Xobeh
Okawaru
Qazlal
Ru
Sif Muna
Trog
Uskayaw
Vehumet
Wu Jian
Xom
Yredelemnul
Zin
The Shining One
Jiyva
Lugonu

Shops:
D:3 (   D:6 :   D:7 *   Orc:2 ?(*:   Elf:1 *   Elf:3 (**!   Vaults:1 *

Portals:
Pandemonium: Orc:2

Annotations:
D:6 3 runed translucent doors, doobhtoobh's ghost, novice KoEn
D:11 exclusion: door
Lair:5 3 runed translucent doors, boopmooplesden's ghost, journeyman MiFi
Lair:6 2 transporters, dornbeast's ghost, journeyman DjFE
Swamp:1 2 runed translucent doors, Matygoc's ghost, adept HaSk
Elf:2 3 runed translucent doors
Vaults:4 Mennas


Innate Abilities, Weirdness & Mutations

You have a pair of horns on your head.
You reflexively headbutt those who attack you in melee.


Message History

You slice the deep elf death mage!! You freeze the deep elf death mage!
You feel sick.
You block the deep elf elementalist's attack.
The deep elf death mage points at you and mumbles some strange words.
The bolt of negative energy hits you!!!
You feel drained.
You block the deep elf high priest's attack.
You take 37 damage, and have 60/167 hp.
MASSIVE DAMAGE!!
You are too injured to fight recklessly!
Unknown command.
You slice the deep elf elementalist!! You freeze the deep elf elementalist.
The deep elf elementalist is no longer moving quickly.
The lost soul assumes the form of the deep elf elementalist and becomes anchored to this world!
Your headbutt misses the ghostly deep elf elementalist.
Your plate armour "Coofu" prevents you from hitting the deep elf death mage.
The deep elf death mage seems less brilliant.
A deep elf annihilator comes into view. It is wielding a +0 long sword.
The ghostly deep elf elementalist gestures wildly while chanting.
The ghostly deep elf elementalist seems to speed up.
The deep elf death mage points at you and mumbles some strange words.
The bolt of negative energy hits you!
You feel drained.
* * * LOW HITPOINT WARNING * * *
The deep elf death mage is empowered by the deep elf high priest's aura!
The deep elf high priest mumbles some strange prayers to its god against you.
Something smites you!
* * * LOW HITPOINT WARNING * * *
You take 30 damage, and have 30/161 hp.
Unknown command.
Blink to where?
Press: ? - help, Dir - move target
As you read the scroll of blinking, it crumbles to dust.
You feel sick.
The deep elf annihilator casts a spell at you.
The poison arrow reflects off an invisible shield around you!
The poison arrow hits the deep elf annihilator!!!
The deep elf annihilator looks as sick as possible!
You kill the deep elf annihilator!
Lugonu accepts your kill.
The deep elf annihilator casts a spell at you.
The crystal spear hits you!!!
You die...

####)##### ###
##.......##
##..|....).###
#.........)...#
#.........))..##
#...............##
#.......###.......#
## #......##
##......# (.#
#.^..)# ##.@..e#
..# #..... #.....#
#'## ..
##.....###...##
#.....)##.....##
#......)'.......#
.........##.......#
........###.).....#
.........#
##ee...##
.........# ##)..##


You could see a deep elf annihilator (empowered, very poisoned), a deep elf
death mage (empowered) and a ghostly deep elf elementalist (fast, empowered,
repels missiles).

Vanquished Creatures
  Bai Suzhen (Vaults:2)
  A bone dragon (Swamp:4)
  A tentacled monstrosity (Swamp:4)
  The ghost of Flarelocke the Destroyer, an adept DrCj of Uskayaw (Elf:1)
  A deep elf master archer (Elf:3)
  A titan (Vaults:3)
  A quicksilver dragon (Vaults:1)
  A sphinx (Vaults:2)
  Frances (Elf:1)
  Kirke (D:13)
  7 vault wardens
  A fenstrider witch (Swamp:1)
  A fire giant (D:15)
  A ghost moth (Spider:4)
  5 deep elf sorcerers
  7 emperor scorpions
  2 orc warlords (Orc:2)
  Louise (Swamp:1)
  12 ironbound preservers
  3 very ugly things (Vaults:1)
  4 deep elf elementalists (Elf:3)
  A deep elf demonologist (Elf:3)
  3 spark wasps
  2 bunyips (Swamp:2)
  3 entropy weavers
  6 deep elf annihilators
  7 dire elephants
  3 eleionomae
  2 fire dragons
  4 deep elf death magi
  A shambling mangrove (Swamp:4)
  9 yaktaur captains
  3 great orbs of eyes
  4 vault guards (Vaults:3)
  16 hydras
  3 deep elf high priests (Elf:3)
  3 ghost crabs
  6 boulder beetles
  A catoblepas (D:12)
  A spriggan air mage (Swamp:2)
  A peacekeeper (Vaults:3)
  5 centaur warriors
  4 two-headed ogres
  9 ironbound frosthearts
  6 alligators
  14 dancing weapons
  6 death yaks (Lair:6)
  A death knight (D:11)
  9 ironbound beastmasters
  A satyr (shapeshifter) (Vaults:3)
  5 orc high priests (Orc:2)
  A vampire mage (Vaults:2)
  Urug (Lair:1)
  11 deep elf knights
  A spriggan berserker (Swamp:2)
  A sun demon (Orc:2)
  A soul eater (Vaults:2)
  5 skeletal warriors (D:15)
  A shadow wraith (Vaults:2)
  39 deep trolls
  4 spriggan druids
  4 goliath frogs
  4 swamp dragons
  14 deep elf archers
  An infernal demonspawn (Orc:2)
  7 bog bodies
  Pikel (D:5)
  5 spectral hydras (Swamp:4)
  2 gelid demonspawn (Orc:2)
  11 lindwurms
  12 wizards
  15 orb spiders
  16 ironbound convokers
  22 deep elf pyromancers
  5 orc knights
  3 phantasmal warriors
  24 deep elf zephyrmancers
  A necromancer (Vaults:2)
  28 wolf spiders
  4 oklob plants (Lair:5)
  10 orc sorcerers
  42 ugly things
  4 manticores
  A faun (shapeshifter) (Vaults:3)
  7 elephants
  3 will-o-the-wisps
  Maurice (D:9)
  5 cyclopes
  4 moths of wrath
  An ice statue (IceCv)
  10 black mambas
  2 rust devils (Orc:2)
  5 smoke demons
  13 vault sentinels
  An orange demon (Orc:2)
  A gargoyle (D:9)
  17 cane toads
  A komodo dragon (shapeshifter) (D:9)
  A rime drake (Lair:4)
  4 swamp worm zombies (Swamp:4)
  An unseen horror (D:12)
  18 yaktaurs
  An ice devil (IceCv)
  12 demonic crawlers
  14 komodo dragons
  A queen bee (D:10)
  2 entropy weaver simulacra (IceCv)
  A kobold demonologist (D:13)
  6 hydra zombies (Swamp:4)
  11 tyrant leeches
  2 polar bears
  42 jumping spiders
  A jumping spider (shapeshifter) (D:15)
  A bloated husk (Swamp:4)
  5 trolls
  16 hornets
  A spectral swamp dragon (Swamp:4)
  3 alligator zombies (Swamp:4)
  15 blink frogs
  5 dream sheep (Lair:5)
  45 slime creatures
  75 redbacks
  A shadow (D:9)
  3 wraiths
  2 air elementals (Elf:1)
  2 dire elephant simulacra (IceCv)
  18 tarantellas
  A water elemental (Elf:3)
  6 spriggans
  2 fire elementals (Elf:1)
  15 wyverns
  4 basilisks
  A chaos spawn (Orc:2)
  5 hogs (D:13)
  16 humans (D:14)
  2 death yak simulacra (IceCv)
  43 yaks
  6 steam dragons
  18 vampire mosquitoes
  13 swamp worms
  2 wargs (Orc:2)
  A harpy simulacrum (IceCv)
  3 acid dragons
  29 water moccasins
  A small abomination (Abyss:2)
  5 hell hounds (Volcano)
  33 orc warriors
  2 ice beasts (D:7)
  4 swamp drakes
  2 black bears
  2 necrophages
  5 ogres
  A swamp dragon zombie (Swamp:4)
  10 boggarts
  8 centaurs
  6 wolves (Lair:4)
  8 phantoms
  A kobold brigand (D:13)
  An earth elemental (Elf:1)
  9 bullfrogs
  6 two-headed ogre simulacra (IceCv)
  11 gnoll sergeants
  2 scorpions
  A water moccasin zombie (D:7)
  A cane toad simulacrum (IceCv)
  27 killer bees
  4 wights (D:9)
  3 elephant simulacra (IceCv)
  7 electric eels
  2 howler monkeys
  A bullfrog zombie (D:6)
  3 centaur zombies
  A bullfrog skeleton (D:6)
  5 hounds
  A jelly (D:6)
  24 orc priests
  6 gnoll shamans (Bailey)
  Ijyb (D:3)
  4 iguanas
  A spectral swamp drake (Swamp:4)
  20 orc wizards
  A troll simulacrum (IceCv)
  2 wolf simulacra (IceCv)
  5 spriggan simulacra (IceCv)
  2 killer bee zombies
  A polar bear simulacrum (IceCv)
  6 ogre zombies (D:9)
  2 centaur simulacra
  2 howler monkey zombies
  Robin (D:3)
  33 gnolls
  4 adders
  5 naga simulacra (IceCv)
  A shadow imp (D:5)
  A swamp drake zombie (Swamp:4)
  6 white imps
  12 ufetubi
  4 worms
  7 dart slugs
  74 orcs
  4 ball pythons
  7 bats
  5 endoplasms
  3 giant cockroaches
  19 goblins
  10 hobgoblins
  3 jackals (D:1)
  3 quokkas
  3 frilled lizards
  A goblin skeleton (D:9)
  A goblin zombie (D:9)
  3 hobgoblin skeletons (D:9)
  2 hobgoblin zombies (D:9)
  13 kobolds
  3 orc skeletons (D:9)
  9 orc zombies (D:9)
  7 rats
1535 creatures vanquished.

Vanquished Creatures (others)
  3 hydras (Swamp:3)
  A deep elf knight (Elf:1)
  A death drake (Swamp:4)
  A deep elf pyromancer (Elf:1)
  A rime drake (Lair:3)
  7 bloated husks
  A tyrant leech (Swamp:4)
  An air elemental (Elf:1)
  A water elemental (Elf:1)
  An orc (Orc:2)
  A bush (Lair:6)
  19 foxfires (Swamp:3)
  56 fungi
  90 plants
184 creatures vanquished.

Grand Total: 1719 creatures vanquished

Notes
Turn   | Place    | Note
-------+----------+-------------------------------------------
     0 | D:1      | backslashecho the Minotaur Fighter began the quest for the
                  | Orb.
     0 | D:1      | Reached XP level 1. HP: 19/19 MP: 0/0
   212 | D:1      | Reached XP level 2. HP: 27/27 MP: 1/1
   811 | D:2      | Found a faded altar of an unknown god.
   848 | D:2      | Became a worshipper of Lugonu the Unformed
   848 | D:2      | Reached * piety under Lugonu
   848 | D:2      | Reached ** piety under Lugonu
   866 | D:2      | Reached XP level 3. HP: 31/33 MP: 2/2
   907 | D:2      | Reached skill level 4 in Shields
  1297 | D:2      | Reached XP level 4. HP: 40/40 MP: 3/3
  1508 | D:2      | Reached *** piety under Lugonu
  1834 | D:3      | Reached XP level 5. HP: 17/47 MP: 4/4
  2375 | D:3      | Noticed Robin
  2394 | D:3      | Killed Robin
  2448 | D:3      | Noticed Ijyb
  2453 | D:3      | Paralysed by Ijyb for 2 turns
  2458 | D:3      | Killed Ijyb
  2459 | D:3      | Reached skill level 5 in Axes
  2786 | D:3      | Reached **** piety under Lugonu
  2822 | D:3      | Found Faonnal's Antique Weapon Emporium.
  2830 | D:3      | Found a hide-covered altar of Uskayaw.
  3259 | D:4      | Reached skill level 5 in Fighting
  3259 | D:4      | Reached skill level 5 in Shields
  3259 | D:4      | Reached XP level 6. HP: 24/56 MP: 5/5
  3488 | D:4      | Found a staircase to the Ecumenical Temple.
  3503 | Temple   | Entered the Ecumenical Temple
  4136 | D:5      | Entered Level 5 of the Dungeon
  4312 | D:5      | Noticed an orc warrior
  4318 | D:5      | Killed an orc warrior
  4412 | D:5      | Reached XP level 7. HP: 49/63 MP: 6/6
  4612 | D:5      | Found a shadowy altar of Dithmenos.
  4661 | D:5      | Noticed Pikel
  4677 | D:5      | Killed Pikel
  4678 | D:5      | Reached XP level 8. HP: 24/73 MP: 7/7
  5218 | D:6      | Noticed a komodo dragon
  5235 | D:6      | HP: 3/73 [komodo dragon (9)]
  5567 | D:5      | Killed a komodo dragon
  5568 | D:5      | Reached skill level 10 in Axes
  5711 | D:6      | Found a runed translucent gate.
  5711 | D:6      | Found a runed translucent gate.
  5711 | D:6      | Found a runed translucent gate.
  5714 | D:6      | Noticed doobhtoobh's ghost (novice KoEn)
  5960 | D:6      | Reached XP level 9. HP: 82/82 MP: 8/8
  5963 | D:6      | Reached ***** piety under Lugonu
  6172 | D:6      | Reached skill level 1 in Dodging
  6240 | D:6      | Found Seczi's Book Emporium.
  6296 | D:6      | Found a stormy altar of Qazlal.
  6414 | D:6      | Found a shimmering blue altar of Sif Muna.
  6647 | D:7      | Found Avoub's CLEARANCE SALE! EVERYTHING MUST GO!.
  6727 | D:7      | Bought a scroll of noise for 5 gold pieces
  6727 | D:7      | Identified a scroll of acquirement
  6727 | D:7      | Acquired 1013 gold pieces
  6829 | D:7      | Reached skill level 6 in Shields
  7281 | D:7      | Found a snail-covered altar of Cheibriados.
  7281 | D:7      | Found a radiant altar of Vehumet.
  7473 | D:8      | Reached XP level 10. HP: 81/91 MP: 9/9
  7919 | D:8      | Found a sacrificial altar of Ru.
  8235 | D:8      | Reached skill level 7 in Shields
  8357 | D:8      | Found a sparkling altar of Nemelex Xobeh.
  8861 | D:9      | Found a staircase to the Lair.
  9010 | D:9      | Reached skill level 8 in Shields
  9179 | D:9      | Found a staircase to the Orcish Mines.
  9348 | D:9      | Noticed a boulder beetle
  9348 | D:9      | Noticed a green ugly thing
  9348 | D:9      | Noticed a gargoyle
  9348 | D:9      | Noticed a manticore
  9348 | D:9      | Noticed a manticore
  9364 | D:9      | Noticed a deep elf pyromancer
  9366 | D:9      | Killed a green ugly thing
  9366 | D:9      | Reached ****** piety under Lugonu
  9367 | D:9      | Reached skill level 1 in Invocations
  9370 | D:9      | Killed a gargoyle
  9371 | D:9      | Reached skill level 15 in Axes
  9377 | D:9      | Killed a manticore
  9381 | D:9      | Killed a deep elf pyromancer
  9382 | D:9      | Reached XP level 11. HP: 52/97 MP: 11/11
  9396 | D:9      | Noticed a centaur warrior
  9408 | D:9      | Killed a centaur warrior
  9409 | D:9      | Reached skill level 9 in Shields
  9647 | D:9      | Noticed Maurice
  9658 | D:9      | Killed Maurice
 10205 | D:10     | Entered Level 10 of the Dungeon
 10784 | D:9      | Killed a boulder beetle
 11701 | D:11     | Noticed a deep elf pyromancer
 11711 | D:10     | Reached skill level 10 in Shields
 11856 | D:11     | Killed a deep elf pyromancer
 11959 | D:11     | Noticed a deep elf pyromancer
 11965 | D:11     | Killed a deep elf pyromancer
 11966 | D:11     | Reached skill level 5 in Invocations
 12164 | D:11     | Noticed a death knight
 12593 | D:11     | Killed a death knight
 13097 | Lair:1   | Entered Level 1 of the Lair of Beasts
 13126 | Lair:1   | Reached XP level 12. HP: 95/104 MP: 15/15
 13553 | Lair:1   | Noticed Urug
 13571 | Lair:1   | Killed Urug
 13701 | Lair:1   | Reached skill level 11 in Shields
 14681 | Lair:2   | Noticed a six-headed hydra
 14701 | Lair:2   | Killed a six-headed hydra
 14898 | Lair:2   | Found a hole to the Spider Nest.
 15592 | Lair:3   | Reached skill level 12 in Shields
 16070 | Lair:3   | Found a staircase to the Swamp.
 16489 | Lair:3   | Reached XP level 13. HP: 98/111 MP: 18/18
 17475 | Lair:4   | Reached skill level 13 in Shields
 17656 | Lair:4   | Reached skill level 10 in Fighting
 18082 | Lair:4   | Identified the amulet "Poicosh" {Faith SInv}
 19351 | Lair:5   | Found a runed translucent gate.
 19351 | Lair:5   | Found a runed translucent gate.
 19612 | Lair:5   | Identified the +1 leather armour of Pride {rF+ Str+3
                  | Stlth-}
 19615 | Lair:5   | Identified the +6 plate armour "Coofu" {Will++ Str+5 Dex-4}
 20034 | Lair:5   | Found a runed translucent gate.
 20042 | Lair:5   | Noticed boopmooplesden's ghost (journeyman MiFi)
 20042 | Lair:5   | Noticed a quicksilver ooze
 20044 | Lair:5   | Found a viscous altar of Jiyva.
 20359 | Lair:6   | Entered Level 6 of the Lair of Beasts
 20359 | Lair:6   | Found a viscous altar of Jiyva.
 20359 | Lair:6   | Found a staircase to the Slime Pits.
 20359 | Lair:6   | Found a transporter.
 20418 | Lair:6   | Reached skill level 14 in Shields
 20418 | Lair:6   | Reached skill level 10 in Invocations
 20792 | Lair:6   | Reached XP level 14. HP: 113/125 MP: 20/20
 20816 | Lair:6   | Found a transporter.
 21050 | Lair:6   | Acquired the -3 cloak of the Battered Bounties {rC++ Will++
                  | Int+4}
 21201 | Lair:6   | Noticed dornbeast's ghost (journeyman DjFE)
 21206 | Lair:6   | Reached skill level 1 in Evocations
 21220 | Lair:6   | Found a bloodstained altar of Trog.
 21273 | Lair:6   | Reached skill level 15 in Shields
 21328 | Lair:6   | Reached skill level 5 in Armour
 22639 | Orc:1    | Entered Level 1 of the Orcish Mines
 22952 | Orc:2    | Entered Level 2 of the Orcish Mines
 22980 | Orc:2    | Found a dark tunnel.
 23010 | Volcano  | Entered a volcano
 23198 | Volcano  | Reached skill level 5 in Evocations
 23834 | Orc:2    | Noticed an orc warlord
 23883 | Orc:2    | Killed an orc warlord
 24063 | Orc:2    | Found a staircase to the Elven Halls.
 24146 | Orc:2    | Noticed an orc warlord
 24165 | Orc:2    | Killed an orc warlord
 24196 | Orc:2    | Cast into level 2 of the Abyss (orc warrior)
 24279 | Abyss:2  | Noticed a deep elf elementalist
 24300 | Orc:2    | Escaped the Abyss
 24687 | Orc:2    | Found Iheeprea's General Store.
 24689 | Orc:2    | Found Cigufo's Magic Scroll Boutique.
 24759 | Orc:2    | Reached XP level 15. HP: 75/132 MP: 21/21
 26240 | Orc:2    | Reached skill level 10 in Armour
 27022 | Orc:2    | Found Emnatwab's Book Shoppe.
 27022 | Orc:2    | Found Zaohemeg's Antique Weapon Emporium.
 27023 | Orc:2    | Found a one-way gate leading to the halls of Pandemonium.
 27027 | Orc:2    | Bought a glowing war axe for 182 gold pieces
 27030 | Orc:2    | Bought a manual of Fighting for 1280 gold pieces
 27059 | Orc:2    | Bought a +4 ring of evasion for 396 gold pieces
 27059 | Orc:2    | Bought a potion of haste for 110 gold pieces
 27061 | Orc:2    | Bought a scroll of identify for 32 gold pieces
 27061 | Orc:2    | Bought a scroll of identify for 32 gold pieces
 27061 | Orc:2    | Bought a scroll of enchant armour for 120 gold pieces
 27061 | Orc:2    | Bought a scroll of fear for 56 gold pieces
 27061 | Orc:2    | Bought a scroll of enchant weapon for 120 gold pieces
 27530 | D:12     | Found a frozen archway.
 27543 | IceCv    | Entered an ice cave
 27760 | IceCv    | Reached skill level 16 in Shields
 29842 | D:13     | Noticed Kirke
 29855 | D:13     | Killed Kirke
 30179 | D:14     | Found a gate to the Vaults.
 30387 | D:14     | Reached skill level 17 in Shields
 30387 | D:14     | Reached XP level 16. HP: 121/139 MP: 22/22
 30450 | D:14     | Found a flagged portal.
 30457 | Bailey   | Entered a bailey
 30580 | Bailey   | Identified the +0 leather armour of Sin {rF+ rCorr Str+8
                  | Int-5}
 31267 | D:15     | Entered Level 15 of the Dungeon
 31599 | D:15     | Found a staircase to the Depths.
 32323 | Swamp:1  | Entered Level 1 of the Swamp
 32379 | Swamp:1  | Reached skill level 15 in Fighting
 32379 | Swamp:1  | Reached skill level 18 in Shields
 32395 | Swamp:1  | Noticed Louise
 32408 | Swamp:1  | Killed Louise
 32559 | Swamp:1  | Found a large runed translucent door.
 32559 | Swamp:1  | Found a large runed translucent door.
 32560 | Swamp:1  | Noticed Matygoc's ghost (adept HaSk)
 33502 | Swamp:2  | Found a sacrificial altar of Ru.
 33840 | Swamp:2  | Reached skill level 5 in Dodging
 34841 | Swamp:4  | Entered Level 4 of the Swamp
 34898 | Swamp:4  | Noticed a tentacled monstrosity
 34918 | Swamp:4  | Killed a tentacled monstrosity
 34919 | Swamp:4  | Reached XP level 17. HP: 115/161 MP: 23/23
 35318 | Swamp:4  | Reached skill level 19 in Shields
 35953 | Swamp:4  | Noticed a bone dragon
 35974 | Swamp:4  | Killed a bone dragon
 36076 | Swamp:4  | Got a decaying rune of Zot
 36345 | Spider:1 | Entered Level 1 of the Spider Nest
 38555 | Spider:3 | Identified the +2 pair of gloves "Jyov" {Harm rElec rF++
                  | MP+9}
 38670 | Spider:3 | Reached skill level 20 in Shields
 39218 | Spider:3 | Reached XP level 18. HP: 163/173 MP: 25/25
 39283 | Spider:4 | Entered Level 4 of the Spider Nest
 40743 | Spider:4 | HP: 8/173 [poisoned by a wolf spider]
 41851 | Spider:4 | Reached skill level 21 in Shields
 41872 | Spider:4 | Got a gossamer rune of Zot
 42160 | Vaults:1 | Entered Level 1 of the Vaults
 43396 | Vaults:1 | Reached XP level 19. HP: 148/180 MP: 28/28
 43475 | Vaults:1 | Reached skill level 22 in Shields
 43627 | Vaults:1 | Found Illie's General Store.
 43640 | Vaults:1 | Bought a scroll of teleportation for 54 gold pieces
 44922 | Vaults:2 | Found a staircase to the Crypt.
 45944 | Vaults:2 | Reached skill level 15 in Invocations
 46287 | Vaults:2 | Noticed Bai Suzhen
 46307 | Vaults:2 | Killed Bai Suzhen
 46308 | Vaults:2 | Reached skill level 23 in Shields
 47295 | Vaults:3 | Reached skill level 24 in Shields
 47362 | Vaults:3 | Reached XP level 20. HP: 189/189 MP: 30/30
 48198 | Vaults:4 | Noticed Mennas
 48527 | Elf:1    | Entered Level 1 of the Elven Halls
 48535 | Elf:1    | Found a runed translucent gate.
 48535 | Elf:1    | Found a runed translucent gate.
 48535 | Elf:1    | Found a runed translucent gate.
 48537 | Elf:1    | Noticed Flarelocke's ghost (adept DrCj)
 48597 | Elf:1    | Reached skill level 25 in Shields
 48662 | Elf:1    | Reached skill level 1 in Throwing
 48863 | Elf:1    | Found Zuqaonug's Mass Market.
 48936 | Elf:1    | Paralysed by an air elemental for 1 turns
 49070 | Elf:1    | Noticed Frances
 49084 | Elf:1    | Killed Frances
 49445 | Elf:1    | Killed Flarelocke's ghost
 49689 | Elf:1    | Identified the ring "Zeklir" {rF+ MP+9}
 49692 | Elf:1    | Identified the +2 hat "Wuukojut" {rElec}
 49707 | Elf:1    | Got the Compendium of the Cloudy Glacier
 50522 | Elf:2    | Found a runed translucent gate.
 50522 | Elf:2    | Found a runed translucent gate.
 50523 | Elf:2    | Found a runed translucent gate.
 50718 | Elf:2    | Reached skill level 10 in Evocations
 50811 | Elf:2    | Identified the +7 halberd of the Chopping Saviour {freeze,
                  | rPois rCorr Str+3}
 50861 | Elf:2    | Reached skill level 5 in Throwing
 51285 | Elf:3    | Entered Level 3 of the Elven Halls
 51294 | Elf:3    | Found Picrua's Assorted Antiques.
 51323 | Elf:3    | Bought a scroll of magic mapping for 101 gold pieces
 51324 | Elf:3    | Bought a runed demon trident for 522 gold pieces
 51363 | Elf:3    | Found Meethoh's Distillery.
 51371 | Elf:3    | Bought a potion of heal wounds for 60 gold pieces
 51371 | Elf:3    | Bought a potion of curing for 36 gold pieces
 51371 | Elf:3    | Bought a potion of heal wounds for 60 gold pieces
 51371 | Elf:3    | Bought a potion of magic for 96 gold pieces
 51947 | Elf:3    | Found Bebban's General Store.
 51950 | Elf:3    | Bought a +1 pair of boots for 184 gold pieces
 51950 | Elf:3    | Bought 2 potions of curing for 96 gold pieces
 52071 | Elf:3    | Found Saehol's Antique Weapon Emporium.
 52219 | Elf:3    | Identified the ring "Oguin" {rF+ Str+6}
 52250 | Elf:3    | Reached XP level 21. HP: 120/195 MP: 31/31
 52650 | Elf:3    | Identified the +4 mace "Waem" {venom, *Rage Fragile rElec
                  | rC+++}
 52675 | Elf:3    | Identified the +5 scimitar of the Dove {spect, Int+3}
 52689 | Elf:3    | Identified the +5 rapier of Qif Ke Coec {drain, Drain rC+
                  | rN+ SInv}
 52711 | Elf:3    | Killed from afar by a deep elf annihilator

Illustrated notes

Levels and vault maps discovered:
D:1:      amcnicky_arrival_single_pillar, layout_loops_ring
D:2:      layout_loops_corners, shapermc_ecumenical_altar_mp_highgroup,
          hangedman_decor_lopped, minmay_pentomino_o4
D:3:      layout_basic, overflow_temple_1_default, serial_shops, shop,
          minmay_misc_feat_rugged, uniq_robin, uniq_ijyb
D:4:      layout_rooms, minmay_temple_entry_stoned_glass, grunt_tough_drop
D:5:      layout_loops_ring, grunt_dithmenos_shadows, kennysheep_generic_room_9,
          uniq_pikel
D:6:      layout_cave_pools, mainiacjoe_overflow_brackets,
          kennysheep_orc_sif_temple, gammafunk_ghost_split, serial_shops,
          nicolae_shop_statue_plus
D:7:      layout_cave_pools, gammafunk_temple_overflow_pools,
          nicolae_shop_clearance
D:8:      layout_cave_pools, mainiacjoe_overflow_cross_hatched,
          mainiacjoe_overflow_concentric_impassable
D:9:      layout_basic, dpeg_oklobed_lair, zombieorc1_lemuel, minivault_28,
          uniq_maurice
D:10:     layout_basic, special_room [special_room_bee]
D:11:     due_megacathedral, layout_basic
D:12:     layout_layer_cave, portal_ice_cave_entry_pillars_1
D:13:     layout_stronghold, uniq_kirke
D:14:     layout_long_grid, david_vaults_3, gauntlet_entry_generic,
          enter_bailey_4, chequers_serial_rivers_large_a
D:15:     grunt_enter_depths_giant_problem, layout_basic
Temple:   eino_temple_water
Lair:1:   layout_regular_city, beast_lair_carwin_2, uniq_urug
Lair:2:   layout_cave_pods, spider_nest_entry_a, lemuel_fruit_tree
Lair:3:   layout_regular_city, skrybe_swamp_entry_bodies, minivault_25,
          st_stairs_8, minmay_holes, serial_bayou_lake_a
Lair:4:   layout_long_grid, serial_bayou_shore_b
Lair:5:   layout_hall_layers, gammafunk_ghost_ooze, minmay_lair_oklob_chamber,
          serial_bayou_shore_a
Lair:6:   hangedman_lair_tendril_chambers, layout_long_grid, slime_altar_1,
          gammafunk_ghost_wrathful_warriors
Swamp:1:  layout_basic_swamp, ebering_ghost_disaster_area,
          evilmike_swamp_ruin_house_1, swamp_pool1, infiniplex_staircase_pool,
          uniq_louise
Swamp:2:  layout_falls_marsh, nicolae_swamp_small_spring, nicolae_swamp_godswood
Swamp:3:  layout_basic_swamp, evilmike_swamp_ruin_wall, swamp_pool1,
          st_swamp_ruins_3
Swamp:4:  swamp_pestilence, layout_basic_swamp, swamp_pool5,
          nicolae_swamp_super_fun_site
Spider:1: layout_spider_delve
Spider:2: layout_spider_delve, einodemon_crawler_minivault
Spider:3: layout_spider_delve, nicolae_spider_paper_wasps
Spider:4: grunt_spider_rune_circles, nicolae_spider_twisty_arc_passages
Orc:1:    layout_caves
Orc:2:    pf_orc_diabolical, layout_diamond_mine, nicolae_volcano_entry_hallway,
          nicolae_orc_flooded_monolith, nicolae_orc_lava_room
Elf:1:    layout_geoelf_grid, gammafunk_ghost_tricky_traps,
          hangedman_corner_corridor, st_stairs_12, minmay_shop_mass,
          uniq_frances
Elf:2:    nicolae_elf_blades_splatter_lattice
          [nicolae_blade_entry_crossed_weapons], layout_loops_cross,
          kilobyte_mutagenic_chamber
Elf:3:    nooodl_elf_gasket, layout_loops_corners, serial_shops,
          nicolae_shop_behind_doors, shop, nicolae_shop_behind_doors,
          shop_fountains
Vaults:1: nicolae_vaults_ring_of_whatevers, nicolae_vaults_big_ls,
          nicolae_vaults_stairing_the_circle, vaults_room_grid,
          nicolae_vaults_diagonal_hallway_9, vaults_room_corners,
          vaults_room_grunt_arrival_ludios, st_smaller_cells,
          vaults_standard_mumra_x, vaults_room_pools, layout_vaults_omnigrid,
          serial_shops, nicolae_shop_waterfront
Vaults:2: v_misc_30, v_misc_25, ontoclasm_vaults_loading_screen,
          minmay_crypt_entry_simple_statues, v_alt_pattern_1, v_misc_23,
          ontoclasm_vaults_hangar, nicolae_vaults_windows_and_doors_thing,
          vaults_room_glass_cross, vaults_standard_mumra_lines,
          grunt_vaults_focal, v_pattern_1, v_misc_2, grunt_vaults_swirl,
          layout_vaults_omnibox, uniq_bai_suzhen
Vaults:3: v_misc_13, hangedman_vaults_corner, v_pattern_3,
          vaults_room_door_hall, v_misc_4, st_hourglassy, v_misc_26,
          ontoclasm_vaults_gateway, vaults_room_fours, ontoclasm_vaults_pinch,
          v_misc_15, nicolae_vaults_little_squares_6, layout_vaults_maze_snakey
Vaults:4: hangedman_vaults_cutoff, v_misc_4, nicolae_vaults_asterisk,
          ontoclasm_vaults_claustrophobia, v_rooms_6,
          nicolae_vaults_three_branches, nicolae_vaults_triangles,
          nicolae_vaults_quartermaster, v_misc_5, vaults_dpeg_hooks,
          layout_vaults_big_room, serial_shops, nicolae_shop_waterfront,
          uniq_saint_roka, uniq_mennas, uniq_xtahua

Skill      XL: |  1  2  3  4  5  6  7  8  9 10 11 12 13 14 15 16 17 18 19 20 21 |
---------------+----------------------------------------------------------------+-----
Axes           | 3 4 5 7 9 11 13 15 16 18 | 18.0
Fighting       | 4 5 6 7 8 9 11 12 17 18 | 18.3
Armour         | 4 9 12 13 14 | 14.0
Shields        | 4 5 6 8 10 12 14 15 17 18 20 21 24 25 | 25.0
Dodging        | 3 4 6 9 |  9.0
Invocations    | 2 5 8 10 11 13 15 | 15.0
Evocations     | 6 9 10 | 10.8
Throwing       | 6 |  6.6

Action                   |  1- 3 |  4- 6 |  7- 9 | 10-12 | 13-15 | 16-18 | 19-21 || total
-------------------------+-------+-------+-------+-------+-------+-------+-------++-------
Melee: War axe           |    82 |   177 |   226 |   468 |       |       |       ||   953
       Headbutt          |    10 |    34 |    45 |   180 |   363 |   359 |   187 ||  1178
       Broad axe         |       |       |       |   302 |  1526 |  1457 |   840 ||  4125
       Trident           |       |       |       |    10 |    54 |    54 |       ||   118
Throw: Dart              |       |     2 |       |     6 |       |       |       ||     8
       Throwing net      |       |       |       |       |       |     2 |       ||     2
Invok: Bend Space        |       |       |     1 |       |     1 |       |       ||     2
       Banish            |       |       |       |       |     2 |       |       ||     2
       Depart the Abyss  |       |       |       |       |     1 |       |       ||     1
Evoke: Wand              |       |       |       |    18 |     3 |    13 |     4 ||    38
       Tin of tremorston |       |       |       |       |     3 |       |       ||     3
  Use: Scroll            |       |     4 |     2 |    12 |     7 |     6 |     8 ||    39
       Potion            |       |       |       |     4 |     7 |     2 |       ||    13
 Stab: Paralysed         |       |       |       |     4 |       |       |       ||     4
       Invisible         |       |       |       |     3 |     7 |       |       ||    10
       Held in net/web   |       |       |       |       |       |     1 |       ||     1
Armor: Scale mail        |    11 |       |       |       |       |       |       ||    11
       Plate armour      |    39 |    86 |    88 |   203 |   489 |   567 |    99 ||  1571
Dodge: Dodged            |    16 |    18 |    20 |    94 |   259 |   449 |   125 ||   981
Block: Kite shield       |    38 |    94 |   194 |   539 |   607 |       |       ||  1472
       Reflection        |       |       |     5 |     8 |    24 |    26 |    91 ||   154
       Tower shield      |       |       |       |       |   834 |  1913 |   739 ||  3486
